 Dungeon Crawl Stone Soup version 0.31-a0-355-g57cb03d3e8 (webtiles) character file.

Game seed: 9588923556475627959

457 LustLizard the Ruffian (level 7, 0/46 HPs)
             Began as an Octopode Shapeshifter on July 24, 2023.
             Slain by a kobold brigand
             ... wielding a +0 short sword
              (4 damage)
             ... on level 4 of the Dungeon on July 25, 2023.
             The game lasted 00:08:28 (4487 turns).

LustLizard the Ruffian (Octopode Shapeshifter)      Turns: 4487, Time: 00:08:29

Health: 0/46       AC:  1    Str: 16    XL:     7   Next: 6%
Magic:  7/7        EV: 13    Int: 10    God:
Gold:   123        SH:  0    Dex: 13    Spells: 6/6 levels left

rFire   . .          .
                       - Unarmed
rCold   . . .        (no shield)
rNeg    . . .        (helmet currently unavailable)
rPois   .            (no amulet)
rElec   .            c - +4 ring of slaying
rCorr   .            q - ring of see invisible
SInv    +            (no ring)
Will    .....        (no ring)
Stlth   +++          (no ring)
HPRegen 0.27/turn    (no ring)
MPRegen 0.10/turn    (no ring)
                     (no ring)

%: no passive effects
@: beast-form
A: beast (slay +2), almost no armour, amphibious, 8 rings, camouflage 1,
gelatinous body 1, (nimble swimmer 1), tentacles
a: Begin Untransformation


You were on level 4 of the Dungeon.
You were a hulking beast.
You visited 1 branch of the dungeon, and saw 5 of its levels.
You also visited: Sewer.

You collected 123 gold pieces.

Inventory:

Missiles
 z - 5 poisoned darts
Armour
 e - a +0 hat
Jewellery
 c - a +4 ring of slaying (left tentacle)
 q - a ring of see invisible (right tentacle)
Talismans
 b - a beast talisman
 g - a serpent talisman
Wands
 j - a wand of flame (20)
Scrolls
 d - a scroll of teleportation {unknown}
 f - 2 scrolls of enchant armour {unknown}
 h - a scroll of poison {unknown}
 m - a scroll of summoning {unknown}
 n - a scroll of blinking {unknown}
 o - a scroll of fog {unknown}
 p - a scroll of vulnerability {unknown}
 s - a scroll of fear {unknown}
 t - 2 scrolls of revelation {unknown}
 y - a scroll of enchant weapon {unknown}
Potions
 a - 2 potions of lignification
 i - 2 potions of brilliance
 k - 3 potions of curing
 l - a potion of mutation
 r - a potion of heal wounds
 u - a potion of haste {unknown}
 v - a potion of magic
 w - a potion of ambrosia
 x - a potion of enlightenment {unknown}


   Skills:
 + Level 3.1 Fighting
 - Level 2.0 Dodging
 - Level 4.0 Stealth
 * Level 5.5 Unarmed Combat
 * Level 4.0 Shapeshifting


You had 6 spell levels left.
You didn't know any spells.
Your spell library contained the following spells:

 Spells                   Type           Power      Damage    Failure   Level
 Slow                     Hex            0%         N/A       36%         1
 Confusing Touch          Hex            0%         N/A       75%         3
 Vampiric Draining        Necr           0%         2d6       75%         3


Dungeon Overview and Level Annotations

Branches:
Dungeon (5/15)              Sewer (visited)
 Temple: D:4-7

Altars:

Shops:
D:4 (


Innate Abilities, Weirdness & Mutations

You are a hulking beast.
Your limbs bulge with bestial killing power. (Slay +2)
You cannot wear most types of armour.
You are amphibious.
You can wear up to eight rings at the same time.
Your skin changes colour to match your surroundings (Stealth+).
Your rubbery body absorbs attacks. (AC +1, EV +1)
((You are camouflaged when in or above water. (Stealth+)))
You have tentacles for arms and can constrict up to eight enemies at once.


Message History

The kobold closely misses you.
The kobold brigand hits you with a +0 short sword.
The kobold demonologist barely misses you.
You bludgeon the kobold demonologist!
The kobold demonologist is heavily wounded.
You constrict the kobold demonologist.
You feel sick.
The kobold demonologist barely misses you.
The kobold completely misses you.
The kobold brigand hits you with a +0 short sword.
You tentacle-slap the kobold demonologist but do no damage.
You squeeze the kobold demonologist, but do no damage.
The kobold demonologist is heavily wounded.
You constrict the kobold demonologist, but do no damage.
You feel sick. The kobold demonologist misses you. The kobold misses you.
The kobold brigand hits you with a +0 short sword!
You barely miss the kobold brigand. You grab the kobold brigand.
You tentacle-slap the kobold brigand. You squeeze the kobold brigand.
The kobold brigand is moderately wounded.
You constrict the kobold demonologist, but do no damage.
You constrict the kobold brigand.
The kobold demonologist hits you with a +0 dagger.
The kobold hits you with a +0 short sword.
The kobold brigand barely misses you.
You tentacle-slap the kobold demonologist.
The kobold demonologist is heavily wounded.
You constrict the kobold demonologist, but do no damage.
You constrict the kobold brigand.
You feel sick.
You are no longer poisoned.
The kobold demonologist hits you with a +0 dagger.
* * * LOW HITPOINT WARNING * * *
The kobold hits you with a +0 short sword.
* * * LOW HITPOINT WARNING * * *
The kobold brigand hits you with a +0 short sword.
* * * LOW HITPOINT WARNING * * *
You tentacle-slap the kobold demonologist but do no damage.
You squeeze the kobold demonologist!
You kill the kobold demonologist!
You constrict the kobold brigand.
The kobold brigand hits you with a +0 short sword.
You die...

........####..#
#.#......# ##...<..#
#..# #.#...##.#
###.....####..#
#.#......# #
#.....'.....# #.#....###
# #.....####.## #.#....#
###.....#
#..###.#...####
.##.....#
#..##.........#
###.....#
#.....K...#.#.# #
####### #...)h....#.#.#
#.###K#...#.#.#
##########...........#.#
#...........##.#######.#
#......................#
#................#######
#................#
#...........######
#...........#


You could see a kobold brigand and a kobold.

Vanquished Creatures
  A kobold demonologist (D:4)
  A scorpion (D:4)
  A jelly (D:4)
  A hound (D:4)
  An orc priest (D:3)
  An iguana (D:3)
  An orc wizard (D:3)
  8 adders
  5 river rats
  2 worms
  4 dart slugs
  14 orcs
  10 endoplasms
  4 giant cockroaches
  9 hobgoblins
  3 jackals (D:2)
  4 quokkas
  9 ball pythons
  6 bats
  12 frilled lizards
  6 goblins
  10 kobolds
  9 rats
122 creatures vanquished.

Notes
Turn   | Place    | Note
-------+----------+-------------------------------------------
     0 | D:1      | LustLizard the Octopode Shapeshifter began the quest for
                  | the Orb.
     0 | D:1      | Reached XP level 1. HP: 13/13 MP: 1/1
    81 | D:1      | Reached XP level 2. HP: 11/18 MP: 2/2
   344 | D:1      | Reached skill level 1 in Stealth
   998 | D:2      | Reached XP level 3. HP: 23/23 MP: 3/3
  1861 | D:2      | Reached XP level 4. HP: 29/29 MP: 4/4
  2212 | D:3      | Reached skill level 4 in Unarmed Combat
  2295 | D:3      | Reached XP level 5. HP: 31/34 MP: 5/5
  2439 | D:3      | Found a glowing drain.
  2453 | Sewer    | Entered a sewer
  2715 | Sewer    | Reached XP level 6. HP: 33/41 MP: 6/6
  3132 | D:3      | Found a faded altar of an unknown god.
  3132 | D:3      | Noticed an Executioner
  3399 | D:3      | Identified the +0 robe "Syxkoc" {Dex+5}
  3687 | D:4      | Reached skill level 5 in Unarmed Combat
  3974 | D:4      | Reached XP level 7. HP: 35/46 MP: 7/7
  4253 | D:4      | Found Liepso's Weapon Shop.
  4476 | D:5      | Entered Level 5 of the Dungeon
  4476 | D:5      | Noticed a kobold demonologist
  4487 | D:4      | Killed a kobold demonologist
  4487 | D:4      | Slain by a kobold brigand

Illustrated notes

Levels and vault maps discovered:
D:1:      zelgadis_glass_arrival_small, layout_basic
D:2:      layout_basic, kennysheep_pointless_box, kennysheep_donut,
          minmay_hedge_maze, grunt_ministairs_7
D:3:      layout_basic, portal_sewer_entry_b,
          dreamdust_ecumenical_altar_sealed_demon
D:4:      nicolae_cairo_tiling_large_dashed, layout_basic, serial_shops, shop
D:5:      layout_gridville, minmay_misc_feat_enclosed

Skill      XL: |  1  2  3  4  5  6  7 |
---------------+----------------------+-----
Stealth        | 1 2 3 4 |  4.0
Unarmed Combat | 4 5 |  5.5
Fighting       | 2 3 |  3.1
Shapeshifting  | 4 |  4.0
Dodging        | |  2.0

Action                     |  1- 3 |  4- 6 |  7- 9 || total
---------------------------+-------+-------+-------++-------
  Melee: Unarmed           |    51 |   126 |    18 ||   195
         Constrict         |    15 |    28 |     5 ||    48
         Tentacles         |     9 |    14 |     4 ||    27
         Punch             |       |     4 |     2 ||     6
    Use: Potion            |       |     2 |       ||     2
         Scroll            |       |     6 |       ||     6
   Stab: Sleeping          |    14 |    10 |     1 ||    25
         Distracted        |       |     1 |       ||     1
 Armour: Skin              |     3 |    48 |       ||    51
  Dodge: Dodged            |    18 |    42 |    13 ||    73

Table legend: (Time is in decaauts)
 A = Elapsed time spent in this place.
 B = Non-inter-level travel time spent in this place.
 C = Inter-level travel time spent in this place.
 D = Time resting spent in this place.
 E = Time spent auto-exploring this place.
 F = Levels seen in this place.
 G = Mean time per level.
                   A        B        C        D        E       F      G
               +--------+--------+--------+--------+--------+-----+--------+
         Total |   4470 |   4325 |    145 |    170 |   2802 |   6 |  745.0 |
       Dungeon |   3845 |   3700 |    145 |    167 |   2485 |   5 |  769.0 |
         Sewer |    624 |    624 |      0 |      3 |    317 |   1 |  624.0 |
               +--------+--------+--------+--------+--------+-----+--------+

Top non-repeatable levels by time:
     D:2: 1112 daAuts
     D:1: 992 daAuts
     D:3: 906 daAuts
     D:4: 830 daAuts
   Sewer: 624 daAuts
     D:5: 4 daAuts
